 Dungeon Crawl Stone Soup version 0.28-a0-48-gfd831c5874 (webtiles) character file.

Game seed: 18002041354717477202

6792 Strat the Basher (level 10, 0/82 HPs)
             Began as a Palentonga Abyssal Knight on July 29, 2021.
             Was an Elder of Lugonu.
             Slain by a wight (14 damage)
             ... on level 9 of the Dungeon.
             The game lasted 00:21:48 (13081 turns).

Strat the Basher (Palentonga Abyssal Knight)       Turns: 13081, Time: 00:21:49

Health: 0/82       AC: 18    Str: 19    XL:     10   Next: 76%
Magic:  16/16      EV: 12    Int: 13    God:    Lugonu [****..]
Gold:   540        SH:  0    Dex:  9    Spells: 6/9 levels left

rFire   . . .      SeeInvis +   b - +1 morningstar
rCold   . . .      Faith    .   (no shield)
rNeg    . . .      Spirit   .   A - +0 swamp dragon scales
rPois   +          Reflect  .   x - +1 helmet
rElec   .          Harm     .   u - +0 cloak
rCorr   .          Rampage  .   (no gloves)
Will    .....                   (no barding)
Stlth   ..........              (no amulet)
HPRegen 0.23/turn               d - +4 ring of evasion
MPRegen 0.15/turn               r - +4 ring of slaying

@: curled up
A: large, rugged brown scales 3, see invisible, deformed body, roll 1, armoured
tail, reflexive curl
a: Rolling Charge, Renounce Religion, Depart the Abyss, Bend Space, Banish,
Corrupt


You were on level 9 of the Dungeon.
You worshipped Lugonu.
Lugonu was greatly pleased with you.
You visited 1 branch of the dungeon, and saw 10 of its levels.
You visited the Abyss 1 time.

You collected 540 gold pieces.

Inventory:

Hand Weapons
 a - a +0 hunting sling
 b - a +1 morningstar (weapon)
 l - a +0 dire flail
 q - a +1 mace
Missiles
 c - 260 stones
 e - 28 sling bullets
 f - 3 throwing nets
 p - 16 boomerangs
Armour
 k - a +1 leather armour of willpower
 o - a +0 leather armour
 u - a +0 cloak (worn)
 x - a +1 helmet (worn)
 A - +0 swamp dragon scales (worn)
Jewellery
 d - a +4 ring of evasion (left hand)
 n - a +6 ring of dexterity
 r - a +4 ring of slaying (right hand)
 w - a +6 ring of dexterity
Wands
 i - a wand of mindburst (14)
 j - a wand of paralysis (9)
 D - a wand of charming (10)
Scrolls
 h - a scroll of fog
 s - 2 scrolls of magic mapping
 y - a scroll of enchant armour
Potions
 g - 3 potions of flight
 m - 3 potions of lignification
 t - 2 potions of mutation
 v - a potion of brilliance {unknown}
 z - 2 potions of attraction
 B - a potion of heal wounds {unknown}
 C - a potion of experience {unknown}


   Skills:
 + Level 6.5 Fighting
 + Level 12.4 Maces & Flails
 - Level 5.0 Armour
 - Level 0.7 Dodging
 - Level 8.0 Invocations


You had 6 spell levels left.
You knew the following spells:

 Your Spells              Type           Power      Damage    Failure   Level
a - Apportation           Tloc           0%         N/A       45%         1
b - Blink                 Tloc           N/A        N/A       61%         2

Your spell library contained the following spells:

 Spells                   Type           Power      Damage    Failure   Level
 Animate Skeleton         Necr           0%         N/A       45%         1
 Corona                   Hex            0%         N/A       45%         1
 Sandblast                Erth           0%         2d4       45%         1
 Shock                    Conj/Air       0%         1d3       45%         1
 Summon Small Mammal      Summ           0%         N/A       45%         1
 Ensorcelled Hibernation  Hex/Ice        0%         N/A       61%         2
 Passwall                 Tmut/Erth      0%         N/A       61%         2
 Lesser Beckoning         Tloc           0%         N/A       83%         3
 Swiftness                Air            0%         N/A       83%         3
 Tukima's Dance           Hex            0%         N/A       83%         3
 Airstrike                Air            0%         N/A       99%         4
 Summon Ice Beast         Ice/Summ       0%         N/A       99%         4
 Summon Lightning Spire   Summ/Air       0%         N/A       99%         4
 Lee's Rapid Deconstruct  Erth           0%         3d5*      100%        5
 Lightning Bolt           Conj/Air       0%         1d11      100%        5
 Manifold Assault         Tloc           0%         N/A       100%        5
 Summon Mana Viper        Hex/Summ       0%         N/A       100%        5
 Monstrous Menagerie      Summ           0%         N/A       100%        7


Dungeon Overview and Level Annotations

Branches:
Dungeon (10/15)            Temple (0/1) D:6
   Lair: D:8-11         Orc: D:9-12

Altars:
Elyvilon
Hepliaklqana
Kikubaaqudgha
Nemelex Xobeh
Qazlal
Ru
Sif Muna
Uskayaw
Wu Jian
Yredelemnul

Annotations:
D:5 Sigmund


Innate Abilities, Weirdness & Mutations

You are completely covered in rugged brown scales. (AC +3, +7% HP)
You have supernaturally acute eyesight. (SInv)
Armour fits poorly on your strangely shaped body.
You can roll at nearby foes to attack.
You have a long armoured tail.
You curl defensively after being hit.


Message History

The five-headed hydra bites you.
* * * LOW HITPOINT WARNING * * *
The five-headed hydra bites you!
* * * LOW HITPOINT WARNING * * *
The five-headed hydra bites you.
* * * LOW HITPOINT WARNING * * *
The five-headed hydra barely misses you.
You climb upwards.
There is a stone staircase leading down here.
You sock the five-headed hydra!
Your tail-slap misses the five-headed hydra.
The five-headed hydra is severely wounded.
The five-headed hydra bites you but does no damage.
The five-headed hydra bites you!
* * * LOW HITPOINT WARNING * * *
The five-headed hydra bites you.
* * * LOW HITPOINT WARNING * * *
The five-headed hydra bites you but does no damage.
The five-headed hydra misses you.
You hit the five-headed hydra.
The five-headed hydra is severely wounded.
The five-headed hydra completely misses you.
The five-headed hydra bites you.
* * * LOW HITPOINT WARNING * * *
The five-headed hydra closely misses you.
The five-headed hydra bites you.
* * * LOW HITPOINT WARNING * * *
The five-headed hydra bites you.
* * * LOW HITPOINT WARNING * * *
You thump the five-headed hydra!
The five-headed hydra is severely wounded.
The five-headed hydra bites you!
* * * LOW HITPOINT WARNING * * *
The five-headed hydra barely misses you. x3
The five-headed hydra bites you but does no damage.
Unknown command.
As you read the scroll of fear, it crumbles to dust.
You assume a fearsome visage.
The five-headed hydra looks frightened!
The wight hits you with a +0 battleaxe!
You die...

#.##...#.##..........
#.##.#.#.##..........
#.##.#.#.##..........
#.##...#.###...##'###
########.##..##.# #...##.#
#........##...#.# #...##.###
#.##########..#.###...'.....
#.# #.....z..#.......##.###
#.# #.#..[@#.#.......'..#
#.# #.#.##.#...###...######
#.####.#)##.#######.#.......
#......#.##......##.#>.#####
########)#######.##.##...#
#.##.# #.#..###..# #....#
#.#.......# ####.#
#.##.###..# #.# #....# ##.##


You could see a wight.

Vanquished Creatures
  Erica (D:8)
  2 two-headed ogres
  A centaur zombie (D:8)
  Psyche (D:8)
  A yaktaur (shapeshifter) (D:10)
  Prince Ribbit (D:7)
  A wraith (D:10)
  A wyvern (D:9)
  2 steam dragons
  2 water moccasins (D:6)
  2 ice beasts
  3 orc warriors
  An ogre (D:5)
  A necrophage (D:4)
  3 centaurs
  4 bullfrogs
  A scorpion (D:6)
  A wyvern skeleton (D:6)
  A water moccasin skeleton (D:4)
  11 killer bees
  3 wights (D:9)
  4 howler monkeys
  2 bullfrog zombies
  A bullfrog skeleton (D:5)
  3 jellies
  An orc priest (D:4)
  3 hounds
  2 centaur skeletons
  Jessica (D:2)
  2 iguanas
  3 orc wizards
  A killer bee zombie (D:8)
  A hound skeleton (D:4)
  4 howler monkey zombies
  8 adders
  A shadow imp (D:7)
  4 white imps
  2 worms
  4 dart slugs
  26 orcs
  7 ball pythons
  5 endoplasms
  2 giant cockroaches (D:4)
  6 goblins
  5 hobgoblins
  7 jackals
  7 kobolds
  6 quokkas
  4 bats
  3 frilled lizards
  5 rats
174 creatures vanquished.

Vanquished Creatures (others)
  A plant (D:2)
1 creature vanquished.

Grand Total: 175 creatures vanquished

Notes
Turn   | Place    | Note
-------+----------+-------------------------------------------
     0 | Abyss:1  | Strat the Palentonga Abyssal Knight began the quest for the
                  | Orb.
     0 | Abyss:1  | Reached XP level 1. HP: 19/19 MP: 2/2
    39 | D:1      | Escaped the Abyss
   649 | D:1      | Reached XP level 2. HP: 24/25 MP: 3/3
   758 | D:1      | Reached skill level 3 in Maces & Flails
  1274 | D:2      | Reached XP level 3. HP: 31/31 MP: 4/4
  1332 | D:2      | Reached ** piety under Lugonu
  1512 | D:2      | Reached skill level 4 in Maces & Flails
  1611 | D:2      | Found a faded altar of an unknown god.
  1629 | D:2      | Noticed Jessica
  1715 | D:2      | Killed Jessica
  1716 | D:2      | Reached XP level 4. HP: 23/37 MP: 5/5
  2760 | D:3      | Found a basalt altar of Yredelemnul.
  2932 | D:3      | Reached skill level 5 in Maces & Flails
  3030 | D:3      | Reached XP level 5. HP: 43/43 MP: 6/6
  3453 | D:4      | Reached skill level 6 in Maces & Flails
  3453 | D:4      | Reached XP level 6. HP: 27/51 MP: 7/7
  3815 | D:4      | Reached *** piety under Lugonu
  3830 | D:4      | Noticed an orc warrior
  3852 | D:4      | Killed an orc warrior
  4200 | D:4      | Gained mutation: You curl defensively after being hit.
                  | [Palentonga growth]
  4200 | D:4      | Reached XP level 7. HP: 55/58 MP: 8/8
  4347 | D:4      | Reached skill level 7 in Maces & Flails
  5004 | D:4      | Found an ornate altar of the Wu Jian Council.
  5004 | D:4      | Found a hazy altar of Hepliaklqana.
  5006 | D:4      | Found a white marble altar of Elyvilon.
  5031 | D:5      | Entered Level 5 of the Dungeon
  5111 | D:5      | Noticed Sigmund
  6268 | D:6      | Reached skill level 8 in Maces & Flails
  6395 | D:6      | Reached XP level 8. HP: 30/65 MP: 11/11
  6753 | D:6      | Found a staircase to the Ecumenical Temple.
  6830 | D:6      | Reached skill level 5 in Invocations
  7137 | D:6      | Noticed a two-headed ogre
  7143 | D:6      | Killed a two-headed ogre
  7144 | D:6      | Reached skill level 9 in Maces & Flails
  7144 | D:6      | Reached XP level 9. HP: 58/70 MP: 12/14
  7242 | D:6      | Reached **** piety under Lugonu
  8369 | D:7      | Found a stormy altar of Qazlal.
  8590 | D:7      | Found a shimmering blue altar of Sif Muna.
  8590 | D:7      | Found a sacrificial altar of Ru.
  8590 | D:7      | Found a hide-covered altar of Uskayaw.
  8697 | D:7      | Noticed Prince Ribbit
  8717 | D:7      | Killed Prince Ribbit
  8718 | D:7      | Reached skill level 10 in Maces & Flails
  9003 | D:7      | Learned a level 1 spell: Apportation
  9006 | D:7      | Learned a level 2 spell: Blink
  9073 | D:7      | Found a sparkling altar of Nemelex Xobeh.
  9282 | D:7      | Reached skill level 5 in Fighting
  9719 | D:8      | Noticed Psyche
  9752 | D:8      | Killed Psyche
 10040 | D:8      | Noticed Erica
 10382 | D:8      | Noticed Harold
 10424 | D:8      | Noticed Maggie
 10456 | D:8      | Noticed Harold
 10456 | D:8      | Harold changed into Harold the two-headed ogre
 10463 | D:8      | Killed Harold the two-headed ogre
 10464 | D:8      | Reached skill level 11 in Maces & Flails
 10464 | D:8      | Reached XP level 10. HP: 64/81 MP: 16/16
 10464 | D:8      | Noticed Maggie
 10464 | D:8      | Maggie changed into Maggie the bullfrog
 10467 | D:8      | Killed Maggie the bullfrog
 10493 | D:8      | Killed Erica
 11387 | D:9      | Reached skill level 5 in Armour
 11934 | D:9      | Reached skill level 12 in Maces & Flails
 12530 | D:10     | Entered Level 10 of the Dungeon
 12625 | D:10     | Found an ancient bone altar of Kikubaaqudgha.
 12842 | D:10     | Noticed a centaur warrior
 13035 | D:10     | Noticed a five-headed hydra
 13043 | D:10     | Noticed a cyan ugly thing
 13081 | D:9      | Slain by a wight

Illustrated notes

Levels and vault maps discovered:
D:1:      dpeg_arrival_connections, layout_loops_cross
D:2:      layout_loops_corners, shapermc_ecumenical_altar_mp_ritualfount,
          kennysheep_nondescript, uniq_jessica
D:3:      kennysheep_six_static_rooms, layout_loops_cross, lemuel_crystal_altar
D:4:      layout_basic, nicolae_overflow_hidden_temple
D:5:      layout_basic, uniq_sigmund
D:6:      layout_loops_ring, minmay_temple_entry_tees
D:7:      layout_loops_cross, kennysheep_mini, gammafunk_temple_overflow_claw,
          nicolae_qazlal_style_of_elements, nicolae_ossuary_entry_plus,
          serial_rivers, chequers_serial_rivers_micro_a,
          chequers_serial_rivers_room_b, chequers_serial_rivers_micro_e,
          chequers_serial_rivers_micro_d, chequers_serial_rivers_marsh,
          uniq_prince_ribbit1
D:8:      layout_basic, minmay_misc_feat_tower, st_stairs_5, uniq_maggie,
          uniq_psyche, uniq_erica, uniq_harold
D:9:      layout_basic
D:10:     minmay_the_grid_octo_tiled_octocenter [minmay_the_grid_octo_odd_swirl,
          minmay_the_grid_octo_shrine, minmay_the_grid_octo_77,
          minmay_the_grid_octo_pinwheel,
          minmay_the_grid_octo_prize_square_snowflake,
          minmay_the_grid_square_5x5_mess, minmay_the_grid_square_5x5_seven,
          minmay_the_grid_square_5x5_minivault, minmay_the_grid_square_5x5_meh],
          layout_irregular_city, mainiacjoe_overflow_chevrons, tso_altar,
          enter_trove_2, kennysheep_small_circle

Skill      XL: |  1  2  3  4  5  6  7  8  9 10 |
---------------+-------------------------------+-----
Maces & Flails | 3 4 5 6 8 9 11 12 | 12.4
Fighting       | 4 6 |  6.5
Invocations    | 4 7 8 |  8.0
Armour         | 4 5 |  5.0
Dodging        | |  0.7

Action                   |  1- 3 |  4- 6 |  7- 9 | 10-12 || total
-------------------------+-------+-------+-------+-------++-------
Melee: Mace              |    82 |    24 |       |       ||   106
       Tailslap          |     7 |    11 |    21 |    15 ||    54
       Morningstar       |       |    84 |   199 |   122 ||   405
 Fire: Hunting sling     |       |     5 |       |       ||     5
Invok: Banish            |       |       |       |     1 ||     1
 Abil: Rolling Charge    |    13 |    11 |     3 |     1 ||    28
Evoke: Wand              |       |       |    17 |     9 ||    26
  Use: Scroll            |       |     8 |     9 |     3 ||    20
       Potion            |       |     1 |     1 |       ||     2
Armor: Leather armour    |    23 |    28 |    65 |     1 ||   117
       Swamp dragon scal |       |       |       |    62 ||    62
Dodge: Dodged            |    35 |    60 |   129 |    86 ||   310

Table legend: (Time is in decaauts)
 A = Elapsed time spent in this place.
 B = Non-inter-level travel time spent in this place.
 C = Inter-level travel time spent in this place.
 D = Time resting spent in this place.
 E = Time spent auto-exploring this place.
 F = Levels seen in this place.
 G = Mean time per level.
                   A        B        C        D        E       F      G
               +--------+--------+--------+--------+--------+-----+--------+
         Total |  13156 |  12624 |    532 |   2662 |   7700 |  11 | 1196.0 |
       Dungeon |  13117 |  12585 |    532 |   2662 |   7700 |  10 | 1311.7 |
         Abyss |     39 |     39 |      0 |      0 |      0 |   1 |   39.0 |
               +--------+--------+--------+--------+--------+-----+--------+

Top non-repeatable levels by time:
     D:6: 1727 daAuts
     D:8: 1683 daAuts
     D:4: 1629 daAuts
     D:9: 1626 daAuts
     D:7: 1484 daAuts
     D:2: 1403 daAuts
     D:5: 1172 daAuts
     D:3: 1053 daAuts
     D:1: 1018 daAuts
    D:10: 317 daAuts
 Abyss:1: 39 daAuts
